 Dungeon Crawl Stone Soup version 0.20-a0-1116-gaa52201 (webtiles) character file.

80 poirepourri the Conjurer (level 4, 13/36 HPs)
             Began as a Deep Elf Conjurer on May 8, 2017.
             Quit the game on level 3 of the Dungeon.
             The game lasted 00:06:26 (3241 turns).

poirepourri the Conjurer (Deep Elf Conjurer)        Turns: 3241, Time: 00:06:27

Health: 13/36      AC: 22    Str:  5    XL:     4   Next: 18%
Magic:  6/12       EV:  2    Int: 20    God:
Gold:   85         SH:  0    Dex: 16    Spells: 6/12 levels left

rFire    . . .     SeeInvis .   (no weapon)
rCold    . . .     Gourm    .   (no shield)
rNeg     + + +     Faith    .   (armour currently unavailable)
rPois    +         Spirit   .   (helmet currently unavailable)
rElec    .         Reflect  .   (cloak currently unavailable)
rCorr    .         Harm     .   (gloves currently unavailable)
MR       .....     NoTele   +   (boots currently unavailable)
Stlth    +.........             (no amulet)
Regen    0.2/turn               (no ring)
MPRegen  0.2/turn               (no ring)

@: confused, tree-form
A: no striking features
a: no special abilities


You were on level 3 of the Dungeon.
You were not hungry.
You were a tree.
You visited 1 branch of the dungeon, and saw 3 of its levels.

You collected 85 gold pieces.

Inventory:

Armour
 a - a +1 robe (melded)
 f - a +0 cloak (melded)
 i - a +2 buckler
Scrolls
 o - a scroll of remove curse
Potions
 l - a potion of flight
Books
 b - a book of Conjurations

   Spells                             Type                      Level
   a - Magic Dart                     Conjuration                  1
   b - Searing Ray                    Conjuration                  2
   c - Dazzling Spray                 Conjuration/Hexes            3
   d - Fulminant Prism                Conjuration/Hexes            4
   e - Force Lance                    Conjuration/Translocation    4
   f - Iskenderun's Mystic Blast      Conjuration                  4
Comestibles
 c - 2 bread rations
 h - a royal jelly
 m - 3 fruits


   Skills:
 + Level 2.6 Dodging
 - Level 2.4 Stealth
 * Level 4.8 Spellcasting
 + Level 5.2 Conjurations
 + Level 0.3 Hexes


You had 6 spell levels left.
You knew the following spells:

 Your Spells              Type           Power        Failure   Level  Hunger
a - Magic Dart            Conj           ####         1%          1    None
b - Searing Ray           Conj           ####..       1%          2    #......
c - Dazzling Spray        Conj/Hex       ###...       11%         3    ##.....


Dungeon Overview and Level Annotations

Branches:
Dungeon (3/15)

Altars:

Annotations:
D:3 Robin


Message History

Input confirm keymap trigger key: \{27} Input confirm keymap action:
Okay, then. (m)acro, (M)acro raw, keymap [(k) default, (x) level-map, (t)argeting, (c)onfirm, m(e)nu], (s)ave?
Aborting.
Level annotation: Robin Welcome back, poirepourri the Deep Elf Conjurer.
Press ? for a list of commands and other information.
You're too confused!
Unknown command.
Okay, then.
You cannot move. (Use ctrl+direction to attack without moving.)
You cannot move. (Use ctrl+direction to attack without moving.)
You cannot move. (Use ctrl+direction to attack without moving.) Unknown command. (m)acro, (M)acro raw, keymap [(k) default, (x) level-map, (t)argeting, (c)onfirm, m(e)nu], (s)ave?
Aborting. (m)acro, (M)acro raw, keymap [(k) default, (x) level-map, (t)argeting, (c)onfirm, m(e)nu], (s)ave?
Aborting.
Are you sure you want to abandon this character and quit the game? (Confirm with "yes".)

########### ggg...'...#
gg.h..'...# #)†.#
##########)†.#
#....g.......#
#...♣g..g.(..#
#'##ggg..##)##
#.....#.(g# #≈≈..#
#.....#.(.# #≈≈..#
#....(#.((#
#≈≈..##+##.....##†##
######≈≈..g.).#..(..#.).#
#....#≈≈≈.....#.....#...#
#......≈≈≈≈≈≈≈#.....#≈≈≈#


You could see Robin, a hobgoblin and 4 goblins.

Vanquished Creatures
  A gnoll (D:2)
  3 worms (D:2)
  A leopard gecko (D:1)
  3 ball pythons
  13 goblins
  7 hobgoblins
  7 jackals
  5 bats
  3 frilled lizards
  7 kobolds
  8 rats
58 creatures vanquished.

Notes
Turn   | Place    | Note
-------+----------+-------------------------------------------
     0 | D:1      | poirepourri the Deep Elf Conjurer began the quest for the Orb.
     0 | D:1      | Reached XP level 1. HP: 10/10 MP: 6/6
   207 | D:1      | Reached XP level 2. HP: 15/15 MP: 0/8
   486 | D:1      | Learned a level 2 spell: Searing Ray
  1086 | D:2      | Reached skill level 5 in Conjurations
  1298 | D:2      | Reached XP level 3. HP: 19/19 MP: 1/10
  1824 | D:2      | Learned a level 3 spell: Dazzling Spray
  2858 | D:3      | Reached XP level 4. HP: 23/24 MP: 0/12
  3225 | D:3      | Noticed Robin
  3241 | D:3      | Quit the game

Vault maps used:
D:1:      minmay_arrival_jagged
D:2:      first_bread, kennysheep_generic_room_6
D:3:      kennysheep_goblin_castle, minitemple

Skill      XL: |  1  2  3 |
---------------+----------+-----
Conjurations   | 5 |  5.2
Spellcasting   | 4 |  4.8
Dodging        | |  2.6
Stealth        | |  2.4
Hexes          | |  0.3

Action                   |  1- 3 |  4- 6 || total
-------------------------+-------+-------++-------
Melee: Unarmed           |     1 |       ||     1
 Cast: Magic Dart        |    84 |    14 ||    98
       Searing Ray       |     3 |     2 ||     5
       Dazzling Spray    |     2 |       ||     2
  Use: Scroll            |    11 |     1 ||    12
       Potion            |     1 |     2 ||     3
  Eat: Bread ration      |     2 |       ||     2
Armor: Robe              |     4 |     5 ||     9
       Skin              |       |     2 ||     2
Dodge: Dodged            |    12 |    15 ||    27
